Map: Submarine LE

Players

RyuKey

  • Race: Terran Terran
  • League: Diamond
  • Spawn Location: 5:00

FormerChild - Winner!

  • Race: Protoss Protoss
  • League: Diamond
  • Spawn Location: 11:00

VOD

Have the link to the VOD?

Description

Time

  • Played on: June 13, 2020, 9:23 a.m.
  • Length: 7:29
Show
View Real Time Build Order
Export as new Build Order

RyuKey Terran 

Build Orders:  

Get SALT Encoding   

  12  0:00  SCV  
  13  0:12  SCV  
  14  0:18  Supply Depot  
  14  0:25  SCV  
  15  0:39  SCV  
  15  0:41  Barracks  
  16  0:52  SCV  
  17  1:04  SCV  
  18  1:17  SCV  
  19  1:29  SCV  
  20  1:40  Refinery, Command Center  
  20  1:41  SCV  
  20  1:42  Marine  
  22  1:53  SCV  
  23  1:56  Bunker  
  23  2:12  Orbital Command  
  23  2:14  Supply Depot  
  23  2:21  Refinery  
  23  2:33  Barracks  
  23  2:35  Marine  
  24  2:39  SCV  
  24  2:42  Supply Depot  
  25  2:52  Orbital Command  
  25  2:53  Marine  
  26  3:02  SCV  
  26  3:03  Factory  
  27  3:21  Marine x2  
  27  3:23  SCV  
  30  3:27  SCV  
  30  3:35  SCV  
  30  3:39  Marine  
  30  3:40  Orbital Command  
  34  3:47  SCV  
  34  3:54  Factory Tech Lab  
  34  3:55  Barracks Tech Lab  
  32  3:57  Marine  
  32  3:59  SCV  
  32  4:00  Starport  
  34  4:07  SCV  
  35  4:11  SCV  
  35  4:14  Marine  
  35  4:15  Stimpack  
  35  4:16  Marauder  
  39  4:19  SCV  
  39  4:23  SCV  
  41  4:27  Supply Depot  
  41  4:28  Cyclone  
  41  4:30  Mag-Field Accelerator  
  41  4:31  SCV  
  45  4:36  SCV  
  46  4:38  Starport Reactor  
  46  4:43  Marauder, SCV  
  49  4:47  Barracks  
  49  4:48  SCV, Barracks Reactor  
  49  4:49  Engineering Bay  
  49  4:55  SCV  
  50  5:00  SCV  
  50  5:04  Supply Depot  
  50  5:06  Marauder  
  53  5:07  SCV  
  54  5:23  Refinery x2, Supply Depot  
  54  5:25  Medivac, Siege Tank, Supply Depot  
  54  5:26  SCV  
  60  5:29  SCV  
  61  5:38  SCV  
  62  5:52  Medivac  
  62  5:53  SCV  
  62  5:54  Marine x3  
  68  5:57  SCV  
  69  6:05  Supply Depot  
  69  6:07  SCV  
  69  6:08  Cyclone  
  73  6:11  Marine  
  72  6:26  Command Center  
  70  6:36  Missile Turret  
  68  6:42  Marine x2  
  68  6:43  Marauder  
  68  6:44  Cyclone  
  69  7:00  Marine  
  55  7:04  Marauder  
  55  7:07  Missile Turret  
  55  7:08  Missile Turret  
  55  7:15  SCV  
Show
View Real Time Build Order
Export as new Build Order

FormerChild Protoss - Winner!

Build Orders: Blink Stalkers 

Get SALT Encoding   

  12  0:01  Probe  
  13  0:13  Probe  
  14  0:20  Pylon  
  14  0:25  Probe  
  15  0:38  Probe  
  16  0:48  Gateway  
  16  0:50  Probe  
  17  1:02  Probe  
  17  1:04  Assimilator  
  18  1:11  Assimilator  
  18  1:14  Probe  
  18  1:24  Pylon, Probe  
  18  1:32  Probe  
  19  1:39  Cybernetics Core  
  20  1:40  Probe  
  20  1:44  Zealot  
  23  1:53  Probe  
  24  2:04  Pylon  
  24  2:05  Stalker, Probe  
  27  2:16  Warp Gate  
  27  2:17  Probe  
  28  2:29  Probe  
  29  2:36  Twilight Council  
  29  2:41  Probe  
  29  2:42  Stalker  
  32  2:48  Pylon  
  32  2:53  Probe  
  33  3:18  Stalker  
  35  3:21  Probe  
  35  3:22  Blink  
  35  3:25  Nexus  
  36  3:33  Probe  
  33  3:48  Stalker  
  33  3:50  Probe  
  36  4:02  Probe  
  37  4:12  Dark Shrine  
  37  4:14  Probe  
  37  4:16  Pylon  
  38  4:26  Probe  
  39  4:38  Probe  
  39  4:39  Pylon, Probe  
  41  4:50  Probe  
  42  4:53  Probe  
  43  5:03  Probe  
  43  5:05  Probe  
  45  5:07  Gateway  
  45  5:15  Probe  
  45  5:17  Probe  
  47  5:22  Gateway  
  47  5:23  Gateway  
  47  5:25  Gateway  
  47  5:27  Stalker, Probe, Gateway  
  50  5:29  Probe  
  51  5:39  Probe  
  52  5:50  Dark Templar  
  52  5:56  Probe x2  
  56  5:59  Assimilator x2  
  56  6:08  Nexus, Probe, Dark Templar  
  56  6:09  Probe  
  60  6:25  Dark Templar  
  60  6:26  Dark Templar x2  
  64  6:37  Probe x2  
  66  6:41  Pylon  
  66  6:43  Pylon  
  66  6:45  Pylon  
  66  6:47  Dark Templar  
  66  6:49  Probe x2  
  70  7:01  Probe x2  
  70  7:12  Dark Templar x2  
  70  7:13  Probe  
  75  7:20  Dark Templar  
  75  7:22  Assimilator  
  79  7:25  Assimilator  
  79  7:27  Pylon  
Tags
 
Add a new tag
Caveats
  • Supply blocks, unpowered buildings, or Contaminate may cause inaccurate times.
  • Supply counts are checked every 10 seconds.